 Dungeon Crawl Stone Soup version 0.26.1-11-gd32895ea62 (webtiles) character file.

Game seed: 7895897636996692968

25 Destapler the Skirmisher (level 2, -1/24 HPs)
             Began as a Demonspawn Abyssal Knight on July 11, 2021.
             Was a Follower of Lugonu.
             Slain by a hobgoblin (3 damage)
             ... on level 2 of the Dungeon.
             The game lasted 00:03:09 (1204 turns).

Destapler the Skirmisher (DsAK)                     Turns: 1204, Time: 00:03:09

Health: -1/24      AC:  4    Str: 12    XL:     2   Next: 82%
Magic:  4/4        EV: 11    Int: 13    God:    Lugonu [*.....]
Gold:   100        SH:  0    Dex: 12    Spells: 1/1 levels left

rFire    . . .     SeeInvis .   a - +1 mace
rCold    . . .     Faith    .   (no shield)
rNeg     . . .     Spirit   .   b - +0 leather armour
rPois    .         Reflect  .   (no helmet)
rElec    .         Harm     .   h - +0 cloak (curse)
rCorr    .         Rampage  .   (no gloves)
Will     .....                  (no boots)
Stlth    +.........             (no amulet)
HPRegen  0.08/turn              (no ring)
MPRegen  0.09/turn              (no ring)

@: about to teleport
A: claws 1
a: Renounce Religion, Depart the Abyss


You were on level 2 of the Dungeon.
You worshipped Lugonu.
Lugonu was aware of your devotion.
You visited 1 branch of the dungeon, and saw 2 of its levels.
You visited the Abyss 1 time.

You collected 100 gold pieces.

Inventory:

Hand Weapons
 a - a +1 mace (weapon)
Armour
 b - a +0 leather armour (worn)
 h - a cursed +0 cloak (worn)
Jewellery
 c - a cursed ring of teleportation {unknown}
 g - an uncursed ring of ice
Scrolls
 f - a scroll of enchant weapon {unknown}
 i - a scroll of immolation {unknown}
 j - a scroll of remove curse
Potions
 d - 2 potions of curing
 e - a potion of haste {unknown}
 l - a potion of mutation {unknown}


   Skills:
 + Level 3.2 Fighting
 + Level 2.1 Maces & Flails
 + Level 2.1 Armour
 + Level 1.3 Dodging
 + Level 2.9 Invocations


You had one spell level left.
You didn't know any spells.
Your spell library was empty.

Dungeon Overview and Level Annotations

Branches:
Dungeon (2/15)

Altars:


Innate Abilities, Weirdness & Mutations

You have sharp fingernails.


Message History

You hit the bullfrog skeleton.
The bullfrog skeleton is heavily damaged.
An adder comes into view.
The bullfrog skeleton hits you. The hobgoblin hits you.
* * * LOW HITPOINT WARNING * * *
You barely miss the bullfrog skeleton.
The bullfrog skeleton is heavily damaged.
The bullfrog skeleton hits you!
* * * LOW HITPOINT WARNING * * *
The hobgoblin closely misses you.
The bullfrog skeleton hits you but does no damage.
The hobgoblin closely misses you.
You are too injured to fight recklessly!
You are too injured to fight recklessly!
You are too injured to fight recklessly!
As you read the scroll labelled IBBEXT ACUONU, it crumbles to dust.
You feel strangely unstable.
It was a scroll of teleportation.
The bullfrog skeleton hits you but does no damage.
The hobgoblin misses you. The hobgoblin hits you.
You die...

#..#.....# ... .#
##..##.##.# ..###+#..
#..<......# #.#....#
....##.##.#####.#....+
....##.#......#.#....###
.#.###)#................
##. #....###.#.........
#. #.#### #.#..r......
#. #.# #.#(@g.S.... #.
..# ..#Zg....... ####
..#.......[.
...#.........
...#.........
....#.........
..######## #.


You could see an adder, 2 hobgoblins, a rat and a bullfrog skeleton.

Vanquished Creatures
  A dart slug (D:1)
  3 bats (D:1)
  A giant cockroach (D:1)
  3 goblins (D:1)
  4 hobgoblins
  5 kobolds (D:1)
  3 rats (D:1)
20 creatures vanquished.

Notes
Turn   | Place    | Note
-------+----------+-------------------------------------------
     0 | Abyss:1  | Destapler the Demonspawn Abyssal Knight began the quest for
                  | the Orb.
     0 | Abyss:1  | Reached XP level 1. HP: 18/18 MP: 2/2
    70 | D:1      | Escaped the Abyss
   353 | D:1      | Reached skill level 1 in Dodging
   410 | D:1      | Gained mutation: You have sharp fingernails. [demonic
                  | ancestry]
   410 | D:1      | Reached XP level 2. HP: 13/24 MP: 4/4
  1204 | D:2      | Slain by a hobgoblin

Illustrated notes

Levels and vault maps discovered:
D:1:      dpeg_arrival_rhombi, layout_basic, minmay_pentomino_o2
D:2:      layout_basic, trog_butcher_becter

Skill      XL: |  1  2 |
---------------+-------+-----
Dodging        | 1 |  1.3
Armour         | 2 |  2.1
Maces & Flails | 2 |  2.1
Fighting       | |  3.2
Invocations    | |  2.9

Action                   || total
-------------------------++-------
Melee: Mace              ||    65
  Use: Potion            ||     1
       Scroll            ||     2
Armor: Leather armour    ||    30
Dodge: Dodged            ||    50
